 Dungeon Crawl Stone Soup version 0.30.1-9-gdf580d7c3d (webtiles) character file.

Game seed: 16506707278473231862

1679 eliilek the Basher (level 8, -3/112 HPs)
             Began as a Minotaur Berserker on Oct 13, 2023.
             Was an Elder of Trog.
             Slain by a wraith (9 damage)
             ... on level 5 of the Dungeon on Oct 15, 2023.
             The game lasted 00:14:51 (5018 turns).

eliilek the Basher (Minotaur Berserker)             Turns: 5018, Time: 00:14:51

Health: -3/112     AC: 16    Str: 24    XL:     8   Next: 70%
Magic:  7/7        EV:  7    Int:  4    God:    Trog [****..]
Gold:   214        SH:  0    Dex: 16    Spells: 7/7 levels left

rFire   . . .        a - +3 morningstar
rCold   . . .        (no shield)
rNeg    . . .        d - +0 plate armour
rPois   .            (helmet restricted)
rElec   .            t - +2 cloak
rCorr   .            m - +1 pair of gloves
SInv    .            (no boots)
Will    .....        (no amulet) Stlth
                     l - +6 ring of dexterity
HPRegen 0.38/turn    (no ring)
MPRegen 0.10/turn

%: no passive effects
@: berserking, hasted and slowed
A: horns 2, retaliatory headbutt
a: Renounce Religion, Berserk, Trog's Hand, Brothers in Arms


You were on level 5 of the Dungeon.
You worshipped Trog.
Trog was greatly pleased with you.
You visited 1 branch of the dungeon, and saw 6 of its levels.
You also visited: Sewer.

You collected 214 gold pieces.

Inventory:

Hand Weapons
 a - a +3 morningstar (weapon)
Missiles
 b - 2 atropa-tipped darts (quivered)
Armour
 d - a +0 plate armour (worn)
 m - a +1 pair of gloves (worn)
 t - a +2 cloak (worn)
Jewellery
 l - a +6 ring of dexterity (left hand)
Scrolls
 f - a scroll of fear
 h - a scroll of silence {unknown}
 k - a scroll of teleportation {unknown}
 o - a scroll of acquirement {unknown}
 p - a scroll of enchant armour
 q - 2 scrolls of blinking {unknown}
 s - 5 scrolls of identify {unknown}
 u - a scroll of magic mapping {unknown}
Potions
 c - 2 potions of degeneration {unknown}
 e - 2 potions of flight {unknown}
 g - 2 potions of attraction {unknown}
 i - 2 potions of heal wounds {unknown}
 j - a potion of curing {unknown}
 n - a potion of haste
 r - a potion of magic {unknown}
 v - a potion of ambrosia {unknown}


   Skills:
 + Level 8.6 Fighting
 * Level 11.4 Maces & Flails
 - Level 2.4 Armour
 - Level 2.1 Dodging


You had 7 spell levels left.
You didn't know any spells.
Your spell library was empty.

Dungeon Overview and Level Annotations

Branches:
Dungeon (6/15)             Temple (0/1) D:5           Sewer (visited)

Altars:
Ashenzari
Cheibriados
Kikubaaqudgha
Okawaru
Qazlal
Vehumet

Shops:
D:3 (

Annotations:
D:5 Eustachio


Innate Abilities, Weirdness & Mutations

You have a pair of horns on your head.
You reflexively headbutt those who attack you in melee.


Message History

Eustachio hits you with a +0 falchion of flaming.
* * * LOW HITPOINT WARNING * * *
Eustachio burns you.
* * * LOW HITPOINT WARNING * * *
The wraith hits you but does no damage.
The white imp hits you but does no damage.
You hear some strange, mumbled words.
A magic dart appears from out of thin air!
The magic dart hits you.
* * * LOW HITPOINT WARNING * * *
You sock Eustachio!
Eustachio is moderately wounded.
Eustachio closely misses you.
The shadow imp hits you but does no damage.
The wraith hits you but does no damage.
The white imp hits you but does no damage.
Something hits you.
* * * LOW HITPOINT WARNING * * *
You impale the white imp!!
You kill the white imp!
The white imp disappears in a puff of smoke!
You feel less confused. Eustachio hits you but does no damage.
The shadow imp hits you but does no damage.
The wraith misses you. You furiously retaliate!
You headbutt the wraith! Something hits you.
* * * LOW HITPOINT WARNING * * *
The shadow imp gestures at you.
You struggle to resist.
The wraith hits you!
* * * LOW HITPOINT WARNING * * *
The orc wizard closely misses you. Something hits you but does no damage.
Eustachio hits you but does no damage.
You climb upwards.
The white imp disappears in a puff of smoke!
The shadow imp disappears in a puff of smoke!
Reactivating autopickup.
There is a stone staircase leading down here.
A red film seems to cover your vision as you go berserk!
You feel yourself moving faster!
You feel mighty! The wraith hits you!
You die...

......###..............#[.#......
......###..............#.........
............#.........###........
.................................
####...........#+...#.....#......
...#.#####........###..>..###...)
......#.............#.....#......
......#........@.#...............
......#........o@##...###........
.....####.......W..#...#.........
#.....)............##..#..#...##.
.........####......###...........
.........# #.............######.
.....##### #.........[...######.
.#...##########...#.......##...#.
####........# #..................
# #........# #.............)....


You could see Eustachio, a wraith and an orc wizard.

Vanquished Creatures
  Grinder (D:3)
  Sigmund (D:3)
  An ogre (D:4)
  2 phantoms
  A scorpion (D:5)
  2 bullfrogs (Sewer)
  5 wights
  A howler monkey (D:5)
  Crazy Yiuf (D:3)
  A gnoll bouda (D:5)
  Jessica (D:2)
  2 iguanas
  2 orc wizards
  The ghost of Psyclone the Conjurer, a weakling OpCj (D:3)
  10 gnolls
  13 adders
  4 river rats (Sewer)
  A worm (D:3)
  2 dart slugs (D:4)
  16 orcs
  23 ball pythons
  7 endoplasms
  5 giant cockroaches
  7 goblins
  7 hobgoblins
  10 jackals
  8 quokkas
  7 bats
  6 frilled lizards
  6 kobolds
  29 rats
183 creatures vanquished.

Notes
Turn   | Place    | Note
-------+----------+-------------------------------------------
     0 | D:1      | eliilek the Minotaur Berserker began the quest for the Orb.
     0 | D:1      | Reached XP level 1. HP: 19/19 MP: 0/0
   167 | D:1      | Reached skill level 4 in Maces & Flails
   200 | D:1      | Reached XP level 2. HP: 27/27 MP: 1/1
   497 | D:1      | Found a faded altar of an unknown god.
   788 | D:1      | Reached XP level 3. HP: 33/33 MP: 2/2
   832 | D:2      | Reached ** piety under Trog
   858 | D:2      | Reached skill level 5 in Maces & Flails
   870 | D:2      | Noticed Jessica
   883 | D:2      | Killed Jessica
   884 | D:2      | Reached XP level 4. HP: 29/41 MP: 3/3
  1504 | D:3      | Reached skill level 6 in Maces & Flails
  1517 | D:3      | Found a glowing drain.
  1527 | Sewer    | Entered a sewer
  1556 | Sewer    | Reached XP level 5. HP: 47/47 MP: 4/4
  1561 | Sewer    | Reached skill level 5 in Fighting
  1619 | Sewer    | Reached *** piety under Trog
  1859 | Sewer    | Reached skill level 7 in Maces & Flails
  1859 | Sewer    | Reached XP level 6. HP: 28/56 MP: 5/5
  2125 | D:3      | Found Case's Antique Weapon Shoppe.
  2201 | D:3      | Found a runed translucent door.
  2202 | D:3      | Noticed Crazy Yiuf
  2343 | D:3      | Found a runed translucent gate.
  2344 | D:3      | Found a runed translucent gate.
  2345 | D:3      | Found a runed translucent gate.
  2345 | D:3      | Noticed Psyclone's ghost (weakling OpCj)
  2403 | D:3      | Noticed Sigmund
  2413 | D:3      | Killed Sigmund
  2414 | D:3      | Reached skill level 8 in Maces & Flails
  2414 | D:3      | Reached XP level 7. HP: 37/63 MP: 6/6
  2609 | D:3      | Noticed Grinder
  2613 | D:3      | Killed Grinder
  2614 | D:3      | Reached skill level 9 in Maces & Flails
  2897 | D:3      | Killed Crazy Yiuf
  2962 | D:3      | Killed Psyclone's ghost
  3010 | D:4      | Reached **** piety under Trog
  3140 | D:4      | Found a snail-covered altar of Cheibriados.
  3536 | D:4      | Found an ancient bone altar of Kikubaaqudgha.
  3927 | D:5      | Entered Level 5 of the Dungeon
  3934 | D:5      | Reached XP level 8. HP: 73/73 MP: 7/7
  3970 | D:5      | Reached skill level 10 in Maces & Flails
  4329 | D:5      | Found an iron altar of Okawaru.
  4393 | D:5      | Reached skill level 11 in Maces & Flails
  4407 | D:5      | Found a broken altar of Ashenzari.
  4444 | D:5      | Found a staircase to the Ecumenical Temple.
  4530 | D:5      | Found a radiant altar of Vehumet.
  4636 | D:5      | Found a stormy altar of Qazlal.
  4992 | D:6      | Noticed Eustachio
  5016 | D:6      | HP: 3/75 [wraith (7)]
  5018 | D:5      | Slain by a wraith

Illustrated notes

Levels and vault maps discovered:
D:1:      spicycebolla_green_bress_n_ham_2, layout_loops_ring,
          ebering_ecumenical_altar_sacrificial, minmay_cupped
D:2:      layout_rooms, kennysheep_generic_room_13, uniq_jessica
D:3:      layout_basic, gammafunk_ghost_split, gup_sewer_entry_bubbles,
          serial_shops, nicolae_shop_real_fake_doors, uniq_crazy_yiuf_cottage,
          uniq_sigmund, uniq_grinder
D:4:      layout_basic, kiku_gazebo_pond_becter, mainiacjoe_overflow_alcove_1,
          corexii_corridor_pit, nicolae_eternal_life
D:5:      layout_basic, cheibrodos_ashenzari_chains, okawaru_trees_2,
          mainiacjoe_overflow_surrounded_room, nicolae_overflow_crystal_walls,
          minmay_temple_entry_tees, chequers_serial_rivers_room_b,
          nicolae_figureground_sparkle
D:6:      layout_gridville, mainiacjoe_overflow_brackets, uniq_eustachio,
          uniq_blork_the_orc

Skill      XL: |  1  2  3  4  5  6  7  8 |
---------------+-------------------------+-----
Maces & Flails | 4 5 6 7 8 9 11 | 11.4
Fighting       | 4 5 6 7 8 |  8.6
Armour         | |  2.4
Dodging        | |  2.1

Action                     |  1- 3 |  4- 6 |  7- 9 || total
---------------------------+-------+-------+-------++-------
  Melee: Mace              |    75 |   171 |    10 ||   256
         Headbutt          |     6 |    18 |    34 ||    58
         Morningstar       |       |       |   149 ||   149
         Punch             |       |       |     3 ||     3
 Invoke: Trog's Hand       |     1 |     1 |     1 ||     3
         Berserk           |       |       |     1 ||     1
    Use: Scroll            |       |     5 |       ||     5
         Potion            |       |       |     1 ||     1
 Armour: Animal skin       |     3 |       |       ||     3
         Plate armour      |    42 |   152 |   133 ||   327
  Dodge: Dodged            |    46 |    65 |    67 ||   178
